 Dungeon Crawl Stone Soup version 0.28.0 (webtiles) character file.

Game seed: 183963201499957436

1129 issech the Cudgeller (level 8, -3/78 HPs)
             Began as a Troll Monk on Feb 18, 2022.
             Shot with an arrow by a centaur (5 damage)
             ... on level 5 of the Dungeon.
             The game lasted 00:15:52 (3788 turns).

issech the Cudgeller (Troll Monk)                   Turns: 3788, Time: 00:15:53

Health: -3/78      AC:  4    Str: 20    XL:     8   Next: 13%
Magic:  7/7        EV: 11    Int:  6    God:
Gold:   106        SH:  0    Dex: 14    Spells: 7/7 levels left

rFire   . . .      SeeInvis .   u - +2 morningstar (freeze)
rCold   + . .      Faith    .   (no shield)
rNeg    . . .      Spirit   .   b - +0 robe
rPois   .          Reflect  .   (helmet restricted)
rElec   .          Harm     .   (no cloak)
rCorr   .          Rampage  .   (gloves unavailable)
Will    +....                   (boots unavailable)
Stlth   ++........              (no amulet)
HPRegen 1.03/turn               p - ring of protection from cold
MPRegen 0.10/turn               y - ring of willpower

@: no status effects
A: large, unfitting armour, claws 3, regeneration 1, shaggy fur 1, tough skin 1
a: no special abilities


You were on level 5 of the Dungeon.
You visited 1 branch of the dungeon, and saw 5 of its levels.

You collected 106 gold pieces.

Inventory:

Hand Weapons
 o - a +0 hand crossbow
 q - a +0 hunting sling
 s - a +1 dagger of protection
 t - a +0 giant spiked club
 u - a +2 morningstar of freezing (weapon)
 w - a +3 long sword
 x - a +5 war axe
Missiles
 a - 7 poisoned darts
 d - 90 stones (quivered)
 e - 67 arrows
 j - 50 sling bullets
Armour
 b - a +0 robe (worn)
Magical Staves
 k - a staff of earth
Jewellery
 p - a ring of protection from cold (left claw)
 y - a ring of willpower (right claw)
Wands
 m - a wand of iceblast (6)
 A - a wand of flame (4)
Scrolls
 c - 2 scrolls of immolation
 f - a scroll of noise
 h - a scroll of fear
 r - 3 scrolls of teleportation
 v - a scroll of enchant armour {unknown}
 B - a scroll of brand weapon
Potions
 g - a potion of flight {unknown}
 i - 2 potions of haste {unknown}
 l - a potion of curing {unknown}
 n - a potion of brilliance {unknown}
 z - a potion of attraction {unknown}


   Skills:
 + Level 4.1 Fighting
 + Level 6.9 Maces & Flails
 + Level 4.7 Dodging
 + Level 1.4 Stealth


You had 7 spell levels left.
You didn't know any spells.
Your spell library contained the following spells:

 Spells                   Type           Power      Damage    Failure   Level
 Alistair's Intoxication  Tmut/Pois      0%         N/A       100%        5
 Borgnjor's Vile Clutch   Necr/Erth      0%         N/A       100%        5
 Eringya's Noxious Bog    Tmut/Pois      0%         N/A       100%        6


Dungeon Overview and Level Annotations

Branches:
Dungeon (5/15)
 Temple: D:4-7

Altars:
Elyvilon


Innate Abilities, Weirdness & Mutations

You are too large for most types of armour.
You have claws for hands.
Your natural rate of healing is unusually fast.
You are covered in fur. (AC +1)
You have tough skin. (AC +1)


Message History

You hit the hornet zombie.
The hornet zombie is lightly damaged.
The hornet zombie hits you. x2
You puncture the hornet zombie!
The hornet zombie is heavily damaged.
The hornet zombie hits you but does no damage.
You puncture the hornet zombie! You freeze the hornet zombie.
The hornet zombie is severely damaged.
The hornet zombie barely misses you. The hornet zombie hits you!
You puncture the hornet zombie!
The hornet zombie is almost destroyed.
The hornet zombie hits you!
You barely miss the hornet zombie.
The hornet zombie is almost destroyed.
The hornet zombie hits you. x2
* * * LOW HITPOINT WARNING * * *
You hit the hornet zombie but do no damage.
The hornet zombie is almost destroyed.
The hornet zombie closely misses you.
You closely miss the hornet zombie.
The hornet zombie is almost destroyed.
The hornet zombie hits you.
* * * LOW HITPOINT WARNING * * *
The hornet zombie hits you!
* * * LOW HITPOINT WARNING * * *
You hit the hornet zombie but do no damage.
The hornet zombie is almost destroyed.
A centaur comes into view.
The hornet zombie misses you.
You hit the hornet zombie but do no damage.
The hornet zombie is almost destroyed.
The centaur wields a +0 shortbow.
The centaur shoots an arrow.
The arrow hits you.
* * * LOW HITPOINT WARNING * * *
The hornet zombie hits you!
* * * LOW HITPOINT WARNING * * *
The hornet zombie barely misses you.
Unknown command.
The centaur shoots an arrow.
The arrow hits you.
You die...

..#..### .#....#...
...##...##...#.#.... .....#
#....##...#..
....#.##...#........
#.........#........
.#.................#
........<..Z.......#
..>................#
##..........@....... #
####.................#
#......................# #..
#..........#.......# ..
..................c###.....#
##............................#
.....#####.#.#'#.#..#.#.....>.##
#.### #...#.#.#..#..#.......
#............#.#.#............#


You could see a centaur and a hornet zombie.

Vanquished Creatures
  A sky beast (D:5)
  A necrophage (D:4)
  An ogre (D:3)
  A bullfrog (D:5)
  3 scorpions (D:5)
  5 wights
  A centaur zombie (D:5)
  4 hounds
  2 centaur skeletons
  An orc wizard (D:3)
  An iguana (D:4)
  A hound skeleton (D:5)
  6 adders
  2 shadow imps (D:5)
  2 worms
  6 orcs
  6 endoplasms
  4 giant cockroaches
  10 goblins
  6 hobgoblins
  4 jackals (D:3)
  6 kobolds
  2 quokkas
  2 ball pythons
  9 bats
  A frilled lizard (D:3)
  7 rats
95 creatures vanquished.

Notes
Turn   | Place    | Note
-------+----------+-------------------------------------------
     0 | D:1      | issech the Troll Monk began the quest for the Orb.
     0 | D:1      | Reached XP level 1. HP: 22/22 MP: 0/0
   370 | D:1      | Reached XP level 2. HP: 29/29 MP: 1/1
   477 | D:1      | Found a faded altar of an unknown god.
   892 | D:1      | Reached skill level 3 in Maces & Flails
  1292 | D:2      | Reached XP level 3. HP: 30/36 MP: 2/2
  1469 | D:2      | Identified the +1 leather armour of Orthodoxy {rPois Will+
                  | Dex+3}
  2038 | D:3      | Reached XP level 4. HP: 44/44 MP: 3/3
  2468 | D:4      | Reached skill level 4 in Maces & Flails
  2468 | D:4      | Reached XP level 5. HP: 53/53 MP: 4/4
  2479 | D:4      | Noticed an ogre
  2556 | D:3      | Killed an ogre
  2815 | D:3      | Reached XP level 6. HP: 42/51 MP: 5/5
  2966 | D:4      | Reached skill level 5 in Maces & Flails
  3143 | D:4      | Reached XP level 7. HP: 23/57 MP: 6/6
  3570 | D:5      | Entered Level 5 of the Dungeon
  3637 | D:5      | Found a white marble altar of Elyvilon.
  3659 | D:5      | Reached skill level 6 in Maces & Flails
  3729 | D:5      | Reached XP level 8. HP: 43/78 MP: 7/7
  3787 | D:5      | HP: 1/78 [hornet zombie (10)]
  3788 | D:5      | Shot with an arrow by a centaur

Illustrated notes

Levels and vault maps discovered:
D:1:      eino_arrival_tree_alley, layout_loops_corners,
          chequers_ecumenical_altar_lobes
D:2:      layout_loops_ring, roderic_cross_of_infinity
D:3:      layout_rooms
D:4:      layout_basic
D:5:      layout_rooms, mainiacjoe_overflow_surrounded_room,
          minmay_temple_entry_steel_oval, nicolae_ossuary_entry_false_entrances,
          lightli_corner_chamber

Skill      XL: |  1  2  3  4  5  6  7 |
---------------+----------------------+-----
Maces & Flails | 3 4 5 6 |  6.9
Dodging        | 3 4 |  4.7
Fighting       | 3 4 |  4.1
Stealth        | |  1.4

Action                   |  1- 3 |  4- 6 |  7- 9 || total
-------------------------+-------+-------+-------++-------
Melee: Mace              |   138 |    35 |       ||   173
       Flail             |       |    41 |       ||    41
       Punch             |       |     2 |     2 ||     4
       Giant spiked club |       |    19 |       ||    19
       Morningstar       |       |    39 |    86 ||   125
  Use: Scroll            |       |     5 |       ||     5
 Stab: Sleeping          |     2 |       |       ||     2
Armor: Robe              |    77 |    45 |    27 ||   149
Dodge: Dodged            |   100 |   101 |    45 ||   246
